 Dungeon Crawl Stone Soup version 0.30-a0-639-g3916f1956a (webtiles) character file.

Game seed: 13459937207977684300

210 Newt the Trooper (level 5, -1/42 HPs)
             Began as a Demonspawn Gladiator on Jan 16, 2023.
             Engulfed by a steam dragon's steam (6 damage)
             ... on level 4 of the Dungeon.
             The game lasted 00:03:14 (1933 turns).

Newt the Trooper (Demonspawn Gladiator)             Turns: 1933, Time: 00:03:14

Health: -1/42      AC:  6    Str: 17    XL:     5   Next: 57%
Magic:  5/5        EV: 12    Int:  9    God:
Gold:   142        SH:  0    Dex: 14    Spells: 4/4 levels left

rFire   . . .      SeeInvis .    a - +1 rapier (chaos)
rCold   . . .      Faith    .    (no shield)
rNeg    + . .      Spirit   .    b - +0 leather armour
rPois   .          Reflect  .    c - +1 helmet
rElec   .          Harm     .    (no cloak)
rCorr   .          Rampage  .    (no gloves)
Will    .....                    (no boots)
Stlth   ++                       j - amulet of regeneration
HPRegen 1.07/turn                m - ring of positive energy
MPRegen 0.09/turn                (no ring)

@: mighty
A: foul stench 1, sharp scales 1, condensation shield, weakness stinger 1
a: no special abilities


You were on level 4 of the Dungeon.
You visited 1 branch of the dungeon, and saw 4 of its levels.
You also visited: Sewer.

You collected 142 gold pieces.

Inventory:

Hand Weapons
 a - a +1 rapier of chaos (weapon)
Missiles
 d - 2 throwing nets (quivered)
 f - 10 poisoned darts
 w - a javelin
Armour
 b - a +0 leather armour (worn)
 c - a +1 helmet (worn)
Jewellery
 g - an amulet of magic regeneration
 j - an amulet of regeneration (around neck)
 m - a ring of positive energy (left hand)
Wands
 o - a wand of mindburst (13)
 q - a wand of paralysis (6)
Scrolls
 i - 2 scrolls of brand weapon
 p - a scroll of teleportation
 r - a scroll of enchant armour
 s - 2 scrolls of fear
 u - a scroll of magic mapping {unknown}
Potions
 e - a potion of heal wounds {unknown}
 h - a potion of brilliance {unknown}
 k - 2 potions of lignification {unknown}
 l - 2 potions of mutation {unknown}
 n - 3 potions of might
 t - 2 potions of degeneration {unknown}
 v - a potion of haste {unknown}


   Skills:
 - Level 4.0 Fighting
 - Level 2.6 Short Blades
 - Level 1.7 Throwing
 - Level 2.6 Dodging
 - Level 3.0 Stealth
 + Level 2.5 Evocations


You had 4 spell levels left.
You didn't know any spells.
Your spell library was empty.

Dungeon Overview and Level Annotations

Branches:
Dungeon (3/15)              Sewer (visited)

Altars:

Shops:
D:2 =


Innate Abilities, Weirdness & Mutations

You may rarely emit foul miasma when damaged in melee.
You are partially covered in razor-sharp scales. (AC +1, Slay +1)
A meltable shield of frost defends you. (SH +0)
You have a small tail.


Message History

You are poisoned.
The adder poisons you!
There are monsters nearby!
There are monsters nearby!
You barely miss the adder.
The adder is severely wounded.
You feel sick. You block the adder's attack.
You closely miss the adder. You tail-slap the adder.
The adder is almost dead.
You feel sick. You block the adder's attack.
You hit the adder.
You kill the adder!
You feel sick.
Throw: 3 throwing nets
Press: ? - help, Q - select action, (/) - cycle Shift-Dir - straight line, f - steam dragon
Aim: a steam dragon (62% to hit)
You throw a throwing net. The throwing net hits the steam dragon.
The steam dragon is caught in the net!
You feel sick. The steam dragon breathes steam at you.
The ball of steam hits you!!
Your condensation shield dissipates!
The steam dragon struggles against the net.
You hear a shout!
You hit the steam dragon but do no damage.
You are engulfed in a cloud of scalding steam.
* * * LOW HITPOINT WARNING * * *
You feel sick.
You hit the steam dragon.
The steam dragon is lightly wounded.
You are engulfed in a cloud of scalding steam.
* * * LOW HITPOINT WARNING * * *
You feel sick.
You are no longer poisoned.
The steam dragon struggles against the net.
A hobgoblin comes into view.
It was a potion of might.
You feel very mighty all of a sudden.
You are engulfed in a cloud of scalding steam.
You die...

#.........#
########..##
##..## #...## #..
### ##...###...#
.... ##........#
)?... ##.###...>.
(.....###.§.#...#.
......D@§§........
......######...#..
..... ##...# (...
##. ... ..


g You could see a steam dragon (caught, catching breath) and a hobgoblin.

Vanquished Creatures
  A kobold brigand (Sewer)
  5 adders
  A river rat (Sewer)
  5 worms
  A dart slug (D:1)
  An orc (D:3)
  13 endoplasms
  6 giant cockroaches
  4 goblins (D:1)
  4 hobgoblins
  3 jackals (D:1)
  2 quokkas (D:1)
  6 ball pythons
  A bat (D:2)
  4 frilled lizards
  6 kobolds
  5 rats
68 creatures vanquished.

Notes
Turn   | Place    | Note
-------+----------+-------------------------------------------
     0 | D:1      | Newt the Demonspawn Gladiator began the quest for the Orb.
     0 | D:1      | Reached XP level 1. HP: 16/16 MP: 1/1
    71 | D:1      | Reached skill level 1 in Stealth
   149 | D:1      | Gained mutation: You may rarely emit foul miasma when
                  | damaged in melee. [demonic ancestry]
   149 | D:1      | Reached XP level 2. HP: 22/22 MP: 2/2
   463 | D:1      | Gained mutation: You are partially covered in razor-sharp
                  | scales. (AC +1, Slay +1) [demonic ancestry]
   463 | D:1      | Reached XP level 3. HP: 11/27 MP: 3/3
   737 | D:1      | Found a faded altar of an unknown god.
  1118 | D:2      | Found Abegim's Jewellery Shoppe.
  1402 | D:3      | Gained mutation: You have a small tail. [demonic ancestry]
  1402 | D:3      | Reached XP level 4. HP: 32/34 MP: 4/4
  1437 | D:3      | Reached skill level 3 in Fighting
  1600 | D:3      | Found a glowing drain.
  1617 | Sewer    | Entered a sewer
  1832 | Sewer    | Reached skill level 4 in Fighting
  1835 | Sewer    | Noticed a kobold brigand
  1847 | Sewer    | Killed a kobold brigand
  1848 | Sewer    | Gained mutation: A meltable shield of frost defends you.
                  | (SH +0) [demonic ancestry]
  1848 | Sewer    | Reached XP level 5. HP: 38/42 MP: 5/5
  1907 | D:3      | You fall into a shaft and drop 1 floor!
  1923 | D:4      | Noticed a steam dragon
  1933 | D:4      | Engulfed by a steam dragon's steam

Illustrated notes

Levels and vault maps discovered:
D:1:      elethiomel_arrival_maze, layout_basic, ebering_ecumenical_altar_webs
D:2:      layout_rooms, serial_shops, nicolae_shop_hallway_plus
D:3:      layout_rooms, cheibrodos_sewer_entry_bend,
          minmay_fractal_squares_gapless_5
D:4:      layout_rooms, kiku_gazebo_pond_becter,
          minmay_temple_entry_gardened_gates, serial_bayou_ford_a, uniq_natasha,
          uniq_blork_the_orc, uniq_pargi

Skill      XL: |  1  2  3  4 |
---------------+-------------+-----
Stealth        | 1 2 3 |  3.0
Fighting       | 4 |  4.0
Evocations     | 2 |  2.5
Short Blades   | |  2.6
Throwing       | |  1.7
Dodging        | |  2.6

Action                   |  1- 3 |  4- 6 || total
-------------------------+-------+-------++-------
Melee: Rapier            |    97 |    93 ||   190
       Tailslap          |       |    12 ||    12
       Punch             |       |     1 ||     1
Throw: Dart              |       |     2 ||     2
       Javelin           |       |     1 ||     1
       Throwing net      |       |     1 ||     1
Evoke: Wand              |       |     1 ||     1
  Use: Scroll            |     5 |     2 ||     7
       Potion            |       |     1 ||     1
 Stab: Sleeping          |     6 |     2 ||     8
       Paralysed         |       |     1 ||     1
Armor: Leather armour    |    29 |    19 ||    48
Dodge: Dodged            |    52 |    40 ||    92
Block: Other             |       |     2 ||     2

Table legend: (Time is in decaauts)
 A = Elapsed time spent in this place.
 B = Non-inter-level travel time spent in this place.
 C = Inter-level travel time spent in this place.
 D = Time resting spent in this place.
 E = Time spent auto-exploring this place.
 F = Levels seen in this place.
 G = Mean time per level.
                   A        B        C        D        E       F      G
               +--------+--------+--------+--------+--------+-----+--------+
         Total |   1998 |   1888 |    110 |    147 |   1080 |   5 |  399.6 |
       Dungeon |   1661 |   1551 |    110 |    147 |    950 |   4 |  415.2 |
         Sewer |    337 |    337 |      0 |      0 |    129 |   1 |  337.0 |
               +--------+--------+--------+--------+--------+-----+--------+

Top non-repeatable levels by time:
     D:1: 849 daAuts
     D:2: 503 daAuts
   Sewer: 337 daAuts
     D:3: 282 daAuts
     D:4: 26 daAuts
